 Dungeon Crawl Stone Soup version 0.25-a0-399-gcf1075a8b3 (webtiles) character file.

Game seed: 1762718886159159548, levelgen mode: deterministic

1194 night the Stinger (level 8, -2/57 HPs)
             Began as a Black Draconian Venom Mage on Jan 8, 2020.
             Slain by Duvessa
             ... wielding a +0 short sword
              (3 damage)
             ... on level 5 of the Dungeon.
             The game lasted 00:16:57 (5439 turns).

night the Stinger (Black Draconian Venom Mage)      Turns: 5439, Time: 00:16:58

Health: -2/57      AC:  9    Str: 10    XL:     8   Next: 20%
Magic:  17/17      EV: 12    Int: 17    God:
Gold:   297        SH:  0    Dex: 13    Spells: 9/20 levels left

rFire    . . .     SeeInvis .   f - +2 dagger (venom)
rCold    . . .     Gourm    .   (no shield)
rNeg     . . .     Faith    .   (armour unavailable)
rPois    .         Spirit   .   (helmet restricted)
rElec    +         Reflect  .   o - +0 cloak
rCorr    .         Harm     .   (no gloves)
MR       .....                  e - +1 pair of boots
Stlth    ++........             (no amulet)
HPRegen  0.19/turn              (no ring)
MPRegen  0.15/turn              (no ring)

@: very slightly contaminated
A: breathe lightning, unfitting armour, electricity resistance, cold-blooded, AC
+6
a: Breathe Lightning


You were on level 5 of the Dungeon.
You were very hungry.

You visited 1 branch of the dungeon, and saw 5 of its levels.

You collected 297 gold pieces.

Inventory:

Hand Weapons
 f - a +2 dagger of venom (weapon)
 i - a +0 dagger of protection
 n - a +2 quarterstaff of chaos
Missiles
 y - 8 boomerangs (quivered)
Armour
 e - a +1 pair of boots (worn)
 o - a +0 cloak (worn)
Jewellery
 l - an uncursed ring of flight
 m - an uncursed ring of see invisible
 x - an uncursed ring of ice
 A - an uncursed ring of fire
Wands
 a - a wand of digging (7)
 v - a wand of polymorph (5)
 B - a wand of iceblast (11)
Scrolls
 c - a scroll of magic mapping
 d - 4 scrolls of identify
 k - 3 scrolls of remove curse
 r - a scroll of enchant weapon
Potions
 g - a potion of mutation {unknown}
 h - a potion of agility
 j - a potion of magic
 p - a potion of haste {unknown}
 q - a potion of heal wounds {unknown}
 s - a potion of brilliance {unknown}
 t - a potion of might {unknown}
 w - a potion of curing {unknown}
Comestibles
 b - 6 rations


   Skills:
 - Level 1.7 Dodging
 - Level 1.7 Stealth
 + Level 6.5 Spellcasting
 - Level 2.0 Transmutations
 + Level 7.5 Poison Magic


You had 9 spell levels left.
You knew the following spells:

 Your Spells              Type           Power        Failure   Level  Hunger
a - Sting                 Tmut/Pois      ###.         1%          1    None
b - Mephitic Cloud        Conj/Pois/Air  ##......     13%         3    ##.....
c - Ignite Poison         Fire/Tmut/Pois ###.....     10%         3    ##.....
d - Olgreb's Toxic Radia  Pois           ####....     5%          4    ####...

Your spell library contained the following spells:

 Spells                   Type           Power        Failure   Level  Hunger
 Poisonous Vapours        Pois/Air       ###...       4%          2    None
 Animate Skeleton         Necr           N/A          12%         1    None
 Pain                     Necr           #...         12%         1    None
 Vampiric Draining        Necr           #.........   36%         3    ##.....
 Animate Dead             Necr           N/A          77%         4    ####...
 Agony                    Necr           #.......     98%         5    #####..


Dungeon Overview and Level Annotations

Branches:
Dungeon (5/15)
 Temple: D:4-7

Altars:
Ru
Zin
The Shining One

Annotations:
D:5 Duvessa


Innate Abilities, Weirdness & Mutations

You can breathe wild blasts of lightning.
Your glossy black scales are hard. (AC +6)
You cannot fit into any form of body armour.
You are resistant to electric shocks. (rElec)
You are cold-blooded and may be slowed by cold attacks.


Message History

Aim: Duvessa, wielding a +0 short sword and wearing a +2 ring mail of poison resistance (berserk, fast, unusually strong, unusually resistant)
The sting hits Duvessa but does no damage.
Duvessa is poisoned.
Duvessa hits you with a +0 short sword! Duvessa hits you with a +0 short sword.
You hit Duvessa but do no damage.
Duvessa looks even sicker.
Your tail-slap misses Duvessa.
Duvessa hits you with a +0 short sword. x2
You are feeling very hungry.
You hit Duvessa but do no damage.
Duvessa is lightly wounded.
Duvessa hits you with a +0 short sword!
You hit Duvessa but do no damage.
Duvessa looks as sick as possible!
Duvessa is lightly wounded.
Duvessa hits you with a +0 short sword.
* * * LOW HITPOINT WARNING * * *
Duvessa hits you with a +0 short sword!
* * * LOW HITPOINT WARNING * * *
Unknown command.
It was a potion of magic.
Magic courses through your body. Duvessa hits you with a +0 short sword.
You die...

###.###.#########.#.#.........
.[. #.#########.#.#.........
.... #.##....................
.......#
#.##.................###
....^..^##.##.................#
#
..^......#.##.................#
#
...............#####.##.......#
#
...............#####.##.......#
#
..^............e@....###......#
# ...^.^^.).......######
#..##### # ..^...........#.#
##.## # .^....^.......#.#
#..###### ....^.........#.##
##......# .....^.^(........#
#..###.# .........#########
##.###.. #.......## #....##
......### #..#.##


You could see Duvessa (berserk).

Vanquished Creatures
  Grinder (D:4)
  Edmund (D:4)
  2 ogres
  A big kobold (D:4)
  Dowan (D:5)
  A howler monkey (D:4)
  2 orc priests
  2 hounds
  A jelly (D:5)
  2 orc wizards (D:4)
  Crazy Yiuf (D:2)
  Ijyb (D:3)
  An iguana (D:4)
  4 worker ants
  A howler monkey skeleton (D:5)
  A river rat (D:3)
  7 adders
  An ooze (D:4)
  3 worms
  A dart slug (D:1)
  3 leopard geckos
  8 orcs
  2 ball pythons (D:4)
  3 giant cockroaches
  10 goblins
  8 hobgoblins
  4 jackals (D:4)
  4 kobolds
  9 bats
  3 frilled lizards
  A leopard gecko skeleton (D:5)
  7 rats
97 creatures vanquished.

Vanquished Creatures (collateral kills)
  An adder (D:3)
1 creature vanquished.

Grand Total: 98 creatures vanquished

Notes
Turn   | Place    | Note
-------+----------+-------------------------------------------
     0 | D:1      | night the Draconian Venom Mage began the quest for the Orb.
     0 | D:1      | Reached XP level 1. HP: 14/14 MP: 3/3
   174 | D:1      | Reached XP level 2. HP: 20/20 MP: 3/5
   617 | D:1      | Reached XP level 3. HP: 26/26 MP: 4/6
   639 | D:1      | Learned a level 3 spell: Mephitic Cloud
  1242 | D:2      | Learned a level 3 spell: Ignite Poison
  1725 | D:2      | Found a runed translucent door.
  1726 | D:2      | Noticed Crazy Yiuf
  1815 | D:2      | Killed Crazy Yiuf
  1815 | D:2      | Reached XP level 4. HP: 33/33 MP: 1/8
  2020 | D:3      | Reached skill level 4 in Poison Magic
  2441 | D:3      | Reached XP level 5. HP: 38/38 MP: 3/10
  2532 | D:3      | Noticed Ijyb
  2541 | D:3      | Killed Ijyb
  3216 | D:3      | Learned a level 4 spell: Olgreb's Toxic Radiance
  3419 | D:4      | Reached skill level 5 in Poison Magic
  3419 | D:4      | Reached XP level 6. HP: 26/45 MP: 6/12
  3595 | D:4      | Found a glowing silver altar of Zin.
  3602 | D:4      | Found a sacrificial altar of Ru.
  3605 | D:4      | Found a glowing golden altar of the Shining One.
  3799 | D:4      | Noticed Edmund
  3848 | D:4      | Killed Edmund
  3988 | D:4      | Your scales start taking on a glossy black colour.
  3988 | D:4      | Reached XP level 7. HP: 50/50 MP: 9/14
  3988 | D:4      | Gained mutation: You are resistant to electric shocks.
                  | (rElec) [Black Draconian growth]
  4032 | D:4      | Reached skill level 5 in Spellcasting
  4081 | D:4      | Reached skill level 6 in Poison Magic
  4324 | D:4      | Noticed Grinder
  4356 | D:4      | Killed Grinder
  4920 | D:5      | Entered Level 5 of the Dungeon
  4944 | D:5      | Reached skill level 7 in Poison Magic
  5093 | D:5      | Reached XP level 8. HP: 56/57 MP: 13/17
  5407 | D:5      | Noticed Dowan
  5408 | D:5      | Noticed Duvessa
  5429 | D:5      | Killed Dowan
  5438 | D:5      | HP: 1/57 [Duvessa/+0 short sword (14)]
  5439 | D:5      | Slain by Duvessa

Levels and vault maps discovered:
D:1:      dpeg_arrival_subterranean_lakeside_camping, layout_basic,
          corexii_hall_statues_x, minmay_pentomino_r2
D:2:      layout_basic, hangedman_decor_clover_reticule, minivault_11,
          glass_columns_a, chequers_mini_garden, corner_web_ring,
          uniq_crazy_yiuf_cottage
D:3:      layout_loops_corners, lightli_sewer_entry_pipes, uniq_ijyb
D:4:      layout_layer_cave, minitemple, first_ration,
          minmay_a_box_with_orc_wizards_in_it, uniq_edmund, uniq_grinder
D:5:      layout_basic, serial_shops, shop, minmay_holes, kennysheep_nub,
          uniq_pikel, uniq_duvessa

Skill      XL: |  1  2  3  4  5  6  7 |
---------------+----------------------+-----
Transmutations | 2 |  2.0
Spellcasting   | 3 4 6 |  6.5
Poison Magic   | 4 5 7 |  7.5
Dodging        | |  1.7
Stealth        | |  1.7

Action                   |  1- 3 |  4- 6 |  7- 9 || total
-------------------------+-------+-------+-------++-------
Melee: Unarmed           |     6 |       |       ||     6
       Dagger            |    31 |       |     9 ||    40
       Tailslap          |     2 |     2 |     1 ||     5
       Hunting sling     |     1 |     9 |     5 ||    15
Throw: Boomerang         |       |       |     9 ||     9
 Cast: Sting             |    37 |    78 |    60 ||   175
       Mephitic Cloud    |     1 |     5 |     2 ||     8
       Ignite Poison     |     1 |     1 |     2 ||     4
       Olgreb's Toxic Ra |       |     1 |     7 ||     8
 Abil: Breathe Lightning |       |       |     2 ||     2
  Use: Scroll            |     6 |     2 |     2 ||    10
       Potion            |       |       |     1 ||     1
 Stab: Sleeping          |     2 |       |       ||     2
  Eat: Chunk             |     2 |     9 |     5 ||    16
Armor: Skin              |    17 |    13 |    19 ||    49
Dodge: Dodged            |    37 |    35 |    31 ||   103

Table legend:
 A = Non-vault XP
 B = Vault XP
 C = Vault XP percentage of total XP
 D = Non-vault monster count
 E = Vault monster count
 F = Vault count percentage of total count
                 A         B        C        D         E       F
            +---------+---------+-------+---------+---------+-------
      Total |     964 |     743 |  43.5 |      75 |      23 |  23.5
            +---------+---------+-------+---------+---------+-------
        D:1 |      48 |      10 |  17.2 |      27 |       7 |  20.6
        D:2 |      10 |      40 |  80.0 |       5 |       1 |  16.7
        D:3 |      64 |     132 |  67.3 |      10 |      11 |  52.4
        D:4 |     502 |     495 |  49.6 |      20 |       3 |  13.0
        D:5 |     340 |      66 |  16.3 |      13 |       1 |   7.1
            +---------+---------+-------+---------+---------+-------
